AoeStats
← zilvinasleonavicius84

Black Forest

509151228Analyzed
4v4 RM · 6d ago on Sep 25, 2026· 54m 27s· 8 players
Game mode
Random Map
Map size
Large (8 player)
Population
200
Speed
Normal
Resources
Standard
Victory
Conquest
Starting age
Dark Age
Ending age
Imperial Age
RankedLock teamsTeams togetherTeam positionsShared explorationLock speedFull tech treeHidden civsTurbo modeCheats
Victory
Defeat
🇱🇹 Britons · Lithuania
937
+11
🇲🇽 Bohemians · Mexico
907
+12
🇲🇽 Persians · Mexico
904
+12
🇹🇷 Turks · Türkiye
623
+23
🇨🇳 Vietnamese · China
838
-16
🇮🇳 Saracens · India
825
-15
🇬🇷 Dravidians · Greece
796
-14
🇨🇦 Ethiopians · Canada
774
-13
Denys
1:16 Loom
15:16 Feudal Age
16:04 Double-Bit Axe
16:08 Fishing Lines
19:47 Castle Age
21:31 Bow Saw
21:01 Horse Collar
22:08 Gillnets
23:31 Stone Mining
29:37 Wheelbarrow
28:47 Town Watch
29:16 Heavy Plow
31:28 Hand Cart
31:14 Town Patrol
34:56 Imperial Age
32:54 Fletching
33:04 Padded Archer Armor
33:10 Scale Barding Armor
35:34 Thumb Ring
36:32 Bodkin Arrow
36:52 Leather Archer Armor
36:37 Gold Mining
37:14 Chain Barding Armor
37:29 Elite Skirmisher
38:32 Bracer
39:03 Ring Archer Armor
38:57 Ballistics
39:37 Chemistry
40:20 Imperial Skirmisher
Sir Raze
12:05 Feudal Age
12:56 Double-Bit Axe
14:24 Wheelbarrow
17:57 Castle Age
15:45 Town Watch
15:50 Horse Collar
19:56 Bow Saw
19:39 Gold Mining
19:43 Stone Mining
23:36 Hand Cart
25:01 Loom
27:11 Town Patrol
27:33 Heavy Plow
28:55 Forging
32:04 Ballistics
31:41 Murder Holes
34:55 Imperial Age
33:36 Royal Heirs
34:43 Scale Barding Armor
34:28 Fletching
35:22 Scale Mail Armor
35:58 Iron Casting
34:56 Elite Skirmisher
35:42 Thumb Ring
35:56 Imperial Skirmisher
36:20 Heavy Camel Rider
37:50 Chain Barding Armor
40:48 Chain Mail Armor
40:29 Bodkin Arrow
42:38 Padded Archer Armor
43:56 Blast Furnace
42:56 Bracer
44:00 Halberdier
50:53 Leather Archer Armor
51:08 Plate Mail Armor
vigneshbestar
0:30 Loom
13:50 Feudal Age
15:53 Wheelbarrow
15:17 Double-Bit Axe
18:23 Stone Mining
18:24 Gold Mining
24:30 Castle Age
24:23 Scale Barding Armor
25:17 Caravan
26:22 Gold Shaft Mining
27:46 Squires
27:32 Gambesons
27:08 Pikeman
28:43 Bimaristan
29:34 Husbandry
29:44 Bloodlines
30:36 Hand Cart
32:16 Forging
32:06 Scale Mail Armor
32:07 Padded Archer Armor
36:53 Imperial Age
34:48 Town Watch
36:00 Redemption
36:18 Fervor
36:34 Sanctity
37:17 Town Patrol
38:41 Chain Mail Armor
39:01 Iron Casting
38:42 Leather Archer Armor
38:48 Chain Barding Armor
39:08 Ballistics
39:45 Elite Mameluke
40:44 Elite Skirmisher
41:30 Thumb Ring
41:38 Imperial Skirmisher
41:56 Elite Mameluke
45:03 Onager
48:27 Bow Saw
50:14 Plate Barding Armor
50:09 Plate Mail Armor
50:10 Ring Archer Armor
49:31 Fletching
52:22 Chemistry
52:08 Siege Onager
卢本伟
1:16 Loom
10:57 Feudal Age
16:33 Castle Age
15:03 Gold Mining
16:36 Double-Bit Axe
22:32 Scale Mail Armor
29:12 Fishing Lines
32:20 Gillnets
33:48 Wheelbarrow
35:50 Imperial Age
35:06 Bow Saw
35:14 Hand Cart
34:55 Gillnets
35:50 Fortified Wall
37:08 Horse Collar
37:47 Heavy Plow
38:50 Ballistics
39:31 Chemistry
40:01 Two-Man Saw
39:53 Crop Rotation
39:21 Elite Rattan Archer
Dmitry Petrovich
20:59 Loom
22:44 Feudal Age
26:29 Wheelbarrow
25:40 Town Watch
27:03 Fletching
27:14 Padded Archer Armor
27:25 Forging
27:15 Scale Mail Armor
27:21 Scale Barding Armor
29:21 Castle Age
27:23 Gold Mining
27:25 Stone Mining
27:18 Horse Collar
27:26 Double-Bit Axe
40:10 Castle Age
52:02 Leather Archer Armor
JKillerCun
0:50 Loom
10:32 Feudal Age
16:41 Castle Age
14:59 Double-Bit Axe
15:14 Horse Collar
21:21 Wheelbarrow
24:23 Heavy Plow
29:53 Imperial Age
28:19 Forging
28:21 Scale Barding Armor
29:38 Bloodlines
29:29 Husbandry
30:00 Gold Mining
29:35 Cavalier
30:39 Ballistics
31:23 Chemistry
30:38 Fletching
31:11 Chain Barding Armor
31:22 Conscription
31:42 Kamandaran
32:34 Padded Archer Armor
33:11 Thumb Ring
32:27 Crossbowman
34:09 Town Watch
34:28 Bodkin Arrow
35:09 Plate Barding Armor
35:10 Iron Casting
34:52 Leather Archer Armor
34:01 Elite Skirmisher
36:33 Savar
42:13 Squires
41:43 Pikeman
52:55 Blast Furnace
53:59 Ring Archer Armor
Khan Mofeta
1:39 Loom
12:31 Feudal Age
13:57 Double-Bit Axe
17:34 Castle Age
19:09 Bow Saw
22:15 Scale Mail Armor
22:25 Forging
27:18 Wheelbarrow
27:58 Horse Collar
28:44 Chain Mail Armor
29:04 Iron Casting
30:10 Man-at-Arms
34:16 Imperial Age
32:48 Hand Cart
35:11 Chemistry
34:32 Ballistics
35:02 Murder Holes
36:37 Plate Mail Armor
37:07 Blast Furnace
36:22 Long Swordsman
36:22 Pikeman
37:05 Squires
36:51 Arson
37:04 Halberdier
43:47 Houfnice
zilvinasleonavicius84
9:56 Feudal Age
10:36 Double-Bit Axe
10:32 Horse Collar
19:21 Castle Age
17:18 Stone Mining
17:20 Gold Mining
20:29 Bow Saw
20:21 Heavy Plow
21:17 Gold Shaft Mining
28:10 Imperial Age
26:19 Wheelbarrow
25:30 Loom
26:01 Fishing Lines
27:16 Crossbowman
28:27 Forging
28:09 Fletching
28:27 Town Watch
29:16 Hand Cart
30:21 Two-Man Saw
29:48 Town Watch
31:05 Iron Casting
32:14 Chemistry
31:52 Arbalester
32:44 Bodkin Arrow
34:31 Town Patrol
36:07 Yeomen
35:37 Sappers
36:47 Hoardings
37:20 Blast Furnace
36:21 Bracer
37:55 Elite Skirmisher
39:30 Padded Archer Armor
42:12 Pikeman
42:53 Squires
43:40 Leather Archer Armor
43:26 Scale Mail Armor
42:54 Halberdier
45:32 Chain Mail Armor
45:50 Ring Archer Armor
45:14 Elite Longbowman
49:00 Sanctity
48:40 Devotion
49:06 Illumination
48:57 Block Printing
48:54 Scale Barding Armor
49:30 Plate Mail Armor
50:02 Warwolf
50:34 Chain Barding Armor
50:27 Masonry
50:23 Siege Engineers
50:18 Murder Holes
50:35 Fortified Wall
50:17 Guard Tower
50:47 Ballistics
50:14 Arrowslits
50:41 Clinker Construction
52:21 Faith
52:42 Cranequins
54:02 Plate Barding Armor
54:00 Architecture
53:11 Treadmill Crane
53:22 Heated Shot
54:00 Heavy Mounted Crossbowman
55:26 Keep
55:05 Fervor
Connection lost

Rejoining the realm…

Still unreachable

The connection could not be restored.

Session expired

The server has moved on; the page needs a fresh start.